 Dungeon Crawl Stone Soup version 0.22-a0-392-g5dc3fd9 (webtiles) character file.

53 DrEnzyme the Ducker (level 4, -3/32 HPs)
             Began as a Human Wanderer on May 1, 2018.
             Killed by nerve-wracking pain
             ... invoked by a shadow imp
              (4 damage)
             ... on level 2 of the Dungeon.
             The game lasted 00:07:35 (1606 turns).

DrEnzyme the Ducker (Human Wanderer)                Turns: 1606, Time: 00:07:35

Health: -3/32      AC:  3    Str: 13    XL:     4   Next: 11%
Magic:  4/4        EV: 13    Int: 14    God:
Gold:   85         SH:  0    Dex: 11    Spells: 3/3 levels left

rFire    + . .     SeeInvis +   a - +2 spear
rCold    . . .     Gourm    .   (no shield)
rNeg     . . .     Faith    .   d - +0 robe
rPois    .         Spirit   .   m - +0 helmet {SInv}
rElec    .         Reflect  .   (no cloak)
rCorr    .         Harm     .   (no gloves)
MR       .....                  (no boots)
Stlth    ++........             (no amulet)
HPRegen  0.10/turn              k - ring of protection from fire
MPRegen  0.09/turn              (no ring)

@: no status effects
A: no striking features
a: no special abilities


You were on level 2 of the Dungeon.
You were not hungry.

You visited 1 branch of the dungeon, and saw 2 of its levels.

You collected 85 gold pieces.

Inventory:

Hand Weapons
 a - a +2 spear (weapon)
Armour
 d - a +0 robe (worn)
 m - a +0 helmet of see invisible (worn)
Jewellery
 k - a ring of protection from fire (left hand)
Scrolls
 g - a scroll of identify {unknown}
 i - 2 scrolls of teleportation {unknown}
 j - 2 scrolls of enchant weapon {unknown}
 l - a scroll of remove curse {unknown}
 n - 3 scrolls of amnesia {unknown}
 s - a scroll of fear {unknown}
Potions
 b - a potion of curing
 c - a potion of lignification
 o - a potion of magic {unknown}
 p - a potion of degeneration {unknown}
 r - a potion of ambrosia {unknown}
Comestibles
 f - 3 rations
 q - a chunk of flesh


   Skills:
 + Level 1.2 Fighting
   Level 1.0 Maces & Flails
 + Level 1.5 Polearms
 + Level 2.4 Armour
 * Level 3.9 Dodging
 * Level 1.5 Stealth
   Level 1.0 Evocations


You had 3 spell levels left.
You didn't know any spells.

Dungeon Overview and Level Annotations

Branches:
Dungeon (2/15)

Altars:

Annotations:
D:2 Sigmund


Message History

Pain shoots through your body!
Sigmund mumbles some strange words.
Sigmund flickers and vanishes for a moment.
There's a creature in the doorway!
You barely miss the shadow imp. The shadow imp hits you.
Sigmund says, "Don't worry, I'll kill you fast."
The shadow imp laughs crazily.
The shadow imp hits you.
* * * LOW HITPOINT WARNING * * *
There is an open door here.
There is an open door here.
Things that are here:
a club; a hobgoblin corpse Sigmund casts a spell at you.
The magic dart hits you!
* * * LOW HITPOINT WARNING * * *
Unknown command.
The shadow imp gestures at you. Pain shoots through your body!
You die...

.... #...#....###......... ..(.
#...#..[.#...........
#...######...#....#.####........
....'....'.@.@....)...##.......
#...######..)#....#.#.##(......
#... #...#.5..#.#..#...... #...
#...#....#.##.#....#+# #.......
#...#....#.##.#....#.#
###.....######..@.#.........#.#
###........#....#####.....#.###
#........####........#.......
#...........########.##..†...
#...........##<....#..#......
##...........######.#..#......
...#............'....#.#.........
...#............####.#.#.#..#.###
...#.........#### #.#.#.#..#....


You could see Sigmund (invisible) and a shadow imp.

Vanquished Creatures
  An adder (D:2)
  An ooze (D:1)
  2 dart slugs
  2 leopard geckos
  2 bats (D:1)
  2 giant cockroaches (D:1)
  5 goblins
  5 hobgoblins
  2 jackals (D:1)
  A quokka (D:2)
  2 ball pythons (D:1)
  4 frilled lizards
  2 kobolds
  A rat (D:1)
32 creatures vanquished.

Notes
Turn   | Place    | Note
-------+----------+-------------------------------------------
     0 | D:1      | DrEnzyme the Human Wanderer began the quest for the Orb.
     0 | D:1      | DrEnzyme set off with: a +2 spear, a potion of curing, a potion of lignification, a +0 robe, a ration
     0 | D:1      | Reached XP level 1. HP: 15/15 MP: 1/1
   521 | D:1      | Reached XP level 2. HP: 12/21 MP: 2/2
   916 | D:1      | Reached XP level 3. HP: 21/26 MP: 3/3
  1535 | D:2      | Reached XP level 4. HP: 31/32 MP: 4/4
  1583 | D:2      | Noticed Sigmund
  1605 | D:2      | HP: 1/32 [Sigmund/magic dart (6)]
  1606 | D:2      | Killed from afar by a shadow imp

Vault maps used:
D:1:      erik_arrival_cave_to_civilisation, minmay_liquid_box
D:2:      fedhas_altar_fruit_tree, uniq_sigmund

Action                   |  1- 3 |  4- 6 || total
-------------------------+-------+-------++-------
Melee: Spear             |    93 |     9 ||   102
Throw: Stone             |     3 |     1 ||     4
       Javelin           |       |     5 ||     5
 Stab: Sleeping          |     2 |       ||     2
  Eat: Ration            |     1 |       ||     1
Armor: Robe              |    12 |     1 ||    13
Dodge: Dodged            |    66 |     4 ||    70

Table legend:
 A = Spawn XP
 B = Non-spawn XP
 C = Spawn XP percentage of total XP
 D = Spawn monster count
 E = Non-spawn monster count
 F = Spawn count percentage of total count
 G = Total turns spent on level
                    A         B        C        D         E        F      G
               +---------+---------+-------+---------+---------+-------+---------
         Total |       0 |      77 |   0.0 |       0 |      32 |   0.0 |  1606
               +---------+---------+-------+---------+---------+-------+---------
           D:1 |       0 |      39 |   0.0 |       0 |      19 |   0.0 |  1315
           D:2 |       0 |      38 |   0.0 |       0 |      13 |   0.0 |   291
               +---------+---------+-------+---------+---------+-------+---------
